Map: Frozen Temple

Players

TheMightyOne

  • Race: Terran Terran
  • League: Master

Ascarecrow - Winner!

  • Race: Zerg Zerg
  • League: Master

VOD

Have the link to the VOD?

Description

Time

  • Played on: Oct. 25, 2016, 11 p.m.
  • Length: 22:47
Show
View Real Time Build Order
Export as new Build Order

TheMightyOne Terran 

Build Orders: Reaper Expand, MMM Bio 

Get SALT Encoding   

  12  0:00  SCV  
  13  0:12  SCV  
  14  0:18  Supply Depot  
  14  0:25  SCV  
  15  0:39  SCV  
  15  0:41  Barracks  
  16  0:46  Refinery  
  16  0:52  SCV  
  17  1:04  SCV  
  18  1:17  SCV  
  19  1:29  Orbital Command  
  19  1:30  Reaper  
  20  1:42  Command Center, Unknown  
  20  1:54  Barracks  
  20  1:55  SCV  
  21  2:08  SCV, Barracks Reactor  
  21  2:12  Supply Depot  
  22  2:19  Refinery  
  22  2:21  SCV  
  23  2:28  Factory  
  23  2:34  SCV  
  24  2:41  Bunker  
  24  2:42  Barracks Tech Lab  
  24  2:46  SCV  
  24  2:48  Marine x2  
  27  2:54  Unknown  
  26  2:58  Orbital Command, SCV  
  28  3:10  SCV, Marine x2  
  28  3:11  Marine  
  32  3:15  Stimpack  
  32  3:24  SCV  
  32  3:25  SCV  
  34  3:28  Starport  
  34  3:33  Marine x2  
  36  3:35  Factory Reactor  
  36  3:40  SCV  
  36  3:41  SCV  
  37  3:44  Marine  
  38  3:51  Supply Depot  
  38  3:53  SCV  
  38  3:54  SCV  
  38  3:55  Marine  
  41  4:03  Marine x2  
  41  4:05  SCV  
  41  4:06  SCV  
  46  4:17  SCV  
  46  4:18  Medivac, SCV  
  46  4:19  Medivac  
  51  4:28  Supply Depot  
  51  4:29  SCV  
  51  4:30  Supply Depot, SCV  
  53  4:36  Marine  
  54  4:50  Medivac x2, SCV x2, Marine x2  
  62  4:59  Marine  
  63  5:02  SCV x2  
  65  5:07  Command Center, Unknown  
  65  5:08  Marine x2  
  65  5:10  Widow Mine  
  69  5:14  SCV  
  69  5:15  Refinery  
  69  5:17  Refinery  
  69  5:18  Engineering Bay  
  70  5:23  Combat Shields  
  70  5:35  Marine  
  70  5:36  Marine  
  70  5:47  Barracks, Terran Infantry Weapons Level 1  
  70  5:48  Barracks  
  70  5:50  Barracks  
  70  5:51  Barracks, Engineering Bay  
  70  6:10  Medivac x2, Marine, SCV, Widow Mine  
  78  6:15  SCV  
  78  6:18  Unknown, Marine x2  
  78  6:19  Terran Infantry Armor Level 1  
  78  6:23  SCV  
  81  6:27  SCV  
  82  6:35  SCV  
  82  6:39  SCV  
  84  6:41  Marine x2  
  84  6:42  Barracks Tech Lab x2, Barracks Reactor  
  84  6:43  Barracks Reactor  
  84  6:44  Orbital Command  
  84  6:45  Marine  
  87  6:47  SCV  
  87  6:48  Armory  
  87  6:50  Supply Depot  
  87  6:51  Supply Depot x3, SCV  
  89  6:58  Marine  
  89  6:59  SCV, Marine  
  90  7:03  SCV, Marine  
  90  7:05  Concussive Shells  
  92  7:10  SCV  
  92  7:11  Marine  
  92  7:12  SCV  
  95  7:15  SCV  
  95  7:22  SCV  
  97  7:24  SCV  
  97  7:26  Marine x2  
  100  7:30  Factory Reactor, SCV  
  100  7:32  Medivac x2  
  100  7:33  Factory  
  100  7:35  SCV  
  100  7:36  Marine  
  100  7:37  Marine x3  
  106  7:43  Marine  
  111  7:44  SCV  
  111  7:45  Marauder x2  
  111  7:46  SCV  
  111  7:48  Terran Infantry Weapons Level 2  
  111  7:49  SCV  
  118  7:53  Missile Turret  
  118  7:57  SCV  
  118  7:58  Marine x2  
  120  7:59  Marine x3  
  124  8:07  Marauder  
  125  8:20  Supply Depot  
  125  8:21  Supply Depot x2  
  125  8:22  Supply Depot  
  125  8:23  Supply Depot x2  
  125  8:25  SCV, Marine x5  
  125  8:26  Marauder x2, Marine  
  136  8:28  Supply Depot x2, Terran Infantry Armor Level 2  
  136  8:29  Supply Depot  
  136  8:37  Marine  
  137  8:43  Marine x2  
  137  8:46  Marine x3  
  137  8:47  Marauder, Marine  
  137  8:48  Marauder  
  146  8:55  Marauder  
  147  9:01  Marine x2  
  148  9:04  Marine x3  
  148  9:05  Medivac  
  148  9:07  Widow Mine x2  
  148  9:08  Marauder  
  148  9:09  Marauder  
  159  9:12  Marine  
  159  9:13  SCV  
  159  9:15  Terran Vehicle Weapons Level 1  
  159  9:16  SCV, Marauder  
  164  9:19  Marine x2  
  164  9:22  Marine  
  164  9:23  Marine x2  
  169  9:30  Marine, Marauder x2  
  174  9:36  Marine  
  174  9:38  Widow Mine x2, Marauder  
  176  9:39  Factory Tech Lab  
  176  9:44  Marine  
  181  9:46  SCV  
  181  9:49  SCV  
  181  9:51  Marauder  
  185  9:53  Command Center, Supply Depot, Unknown  
  185  9:57  Refinery  
  185  9:58  Refinery  
  185  10:03  Marine x2  
  166  10:14  Marine x3  
  166  10:15  SCV, Marine  
  166  10:16  Marine  
  166  10:17  Marine x2  
  166  10:18  SCV  
  166  10:21  Marine x2  
  156  10:30  SCV  
  156  10:32  Marine x3  
  156  10:33  Marine  
  156  10:34  Medivac x2, Marauder  
  156  10:35  SCV, Marine x2  
  165  10:39  Marine x2  
  158  10:50  Marine x3  
  158  10:51  Marine  
  158  10:52  Marine  
  158  10:53  Marauder  
  158  10:55  Marine  
  158  10:56  Terran Infantry Armor Level 3, Terran Infantry Weapons Level 3  
  158  10:57  Marine x2  
  168  11:05  Unknown  
  168  11:07  Marine  
  168  11:11  Marauder  
  171  11:13  Marauder, Marine x2  
  171  11:14  Marauder, Marine  
  171  11:15  Marine x2  
  180  11:25  Marine  
  168  11:31  Marine x2  
  168  11:32  Marauder, Marine x3  
  174  11:34  Marine  
  174  11:35  Marine  
  174  11:37  Liberator  
  178  11:43  Marine  
  179  11:49  Marine x2  
  179  11:50  Marine x3  
  179  11:52  Marauder  
  179  11:53  Starport  
  179  11:54  Marauder x2  
  190  11:56  Starport  
  190  11:58  SCV  
  190  12:01  Planetary Fortress, Marine  
  194  12:04  SCV  
  194  12:06  Marine  
  194  12:07  Marine x2  
  194  12:08  Marine  
  199  12:13  Refinery x2  
  200  12:17  Terran Ship Weapons Level 1  
  200  12:20  Unknown  
  200  12:21  Unknown  
  198  12:36  Marine  
  198  12:42  Marine  
  198  12:43  Marauder  
  182  12:47  Marine  
  182  12:48  Marauder, Marine  
  177  12:55  Marine x3  
  178  13:01  Marine  
  178  13:02  Marine  
  178  13:04  Marauder  
  178  13:05  Marine x2  
  181  13:09  Marauder  
  180  13:13  Marine x3  
  180  13:19  Marine  
  178  13:20  Marauder  
  178  13:23  Marine x2  
  178  13:26  Marauder  
  178  13:27  Liberator x2, Starport Tech Lab  
  178  13:28  Starport Reactor  
  178  13:30  Marine x2  
  178  13:31  Marine x2  
  178  13:35  Command Center, Liberator, Unknown  
  178  13:37  Marine  
  173  13:41  Marauder  
  173  13:47  Liberator x2  
  181  13:53  Command Center, Unknown  
  181  13:55  Fusion Core  
  184  14:09  Liberator  
  190  14:18  Terran Ship Weapons Level 2  
  190  14:22  Liberator x2  
  190  14:26  Sensor Tower  
  190  14:30  Sensor Tower  
  189  14:38  Marine x3  
  190  14:42  Liberator x2  
  198  14:46  Unknown  
  198  14:52  Liberator  
  174  15:04  Liberator x2  
  174  15:05  Unknown  
  171  15:09  Marine x2  
  171  15:10  Marauder  
  170  15:25  Liberator x2, Marine x2  
  164  15:30  Marine x3  
  164  15:31  Marine x3  
  164  15:34  Marine  
  164  15:35  Liberator  
  165  15:43  Marine x2  
  165  15:47  Liberator x2  
  165  15:48  Marine x2  
  165  15:49  Marauder x2  
  170  15:51  Marine x2  
  170  15:52  Marauder  
  173  16:00  Marine  
  173  16:01  Marine  
  172  16:06  Marine x2  
  172  16:07  Liberator x2  
  172  16:08  Marine  
  172  16:11  Marine, Marauder x2  
  168  16:12  SCV  
  168  16:14  Marauder  
  168  16:18  Liberator, Marine x2  
  162  16:23  Marine x2  
  166  16:26  Marine  
  166  16:29  Marine  
  166  16:30  Liberator  
  166  16:32  Marine x2  
  163  16:34  Marine  
  163  16:36  Marine x2  
  169  16:41  Marine x2  
  169  16:44  Marine  
  172  16:47  Marine  
  172  16:49  Marine  
  172  16:50  Marauder  
  172  16:53  Marauder  
  181  16:54  Marine x2  
  181  16:59  Marine x2  
  185  17:08  Marauder  
  187  17:11  Marauder, Marine x2  
  187  17:14  Marauder  
  193  17:17  Marine x2  
  193  17:18  Marine x2  
  197  17:29  Marauder  
  199  17:33  Marine  
  200  17:44  Planetary Fortress  
  200  17:53  Orbital Command  
  200  17:58  Terran Ship Weapons Level 3  
  198  17:59  Marine x2  
  200  18:20  Advanced Ballistics  
  199  18:29  Marine  
  190  18:36  Marine x2  
  188  18:45  Marine x2  
  188  18:46  Marauder x2  
  193  18:51  Marine x2  
  193  18:52  Marauder  
  185  19:18  Viking x2  
  185  19:19  Marine  
  185  19:20  Marauder, Marine  
  185  19:23  Refinery  
  193  19:24  Refinery  
  193  19:40  Marine x3  
  193  19:41  Marauder  
  193  19:45  Marine x2  
  200  20:21  Command Center, Unknown  
  200  20:22  Command Center, Unknown  
  200  20:25  Command Center x2, Unknown x2  
  200  20:34  Command Center, Unknown  
  200  20:40  Missile Turret  
  200  20:49  Missile Turret  
  200  20:53  Missile Turret  
  200  21:11  Missile Turret  
  191  21:13  Missile Turret  
  191  21:17  Missile Turret  
  189  21:31  Missile Turret  
  181  21:32  Unknown  
  181  21:33  Unknown  
  181  21:35  Medivac x4  
  181  21:36  Unknown  
  181  21:37  Command Center, Unknown x2  
  164  21:45  Unknown  
  111  21:49  Marine x2  
  111  21:52  Marine x3  
  111  21:53  Marauder x2  
  120  21:57  Medivac  
  118  22:03  Marine x2  
  118  22:05  Medivac x2  
  118  22:07  Marine x2  
  122  22:09  Marine  
  122  22:13  Marine x2  
  122  22:15  Marine x2  
  127  22:21  Marine x2  
  124  22:24  Marine x2  
  124  22:27  Marine  
Show
View Real Time Build Order
Export as new Build Order

Ascarecrow Zerg - Winner!

Build Orders: Hatch First 

Get SALT Encoding   

  12  0:03  Drone  
  13  0:17  Drone  
  13  0:18  Overlord  
  14  0:21  Extractor  
  14  0:24  Drone  
  15  0:37  Drone  
  15  0:40  Drone  
  17  0:55  Hatchery, Unknown  
  17  0:57  Drone  
  17  1:01  Drone  
  18  1:06  Extractor  
  17  1:17  Spawning Pool  
  16  1:19  Drone  
  16  1:22  Drone  
  18  1:33  Drone  
  19  1:48  Overlord  
  19  2:03  Queen  
  19  2:05  Zergling x2  
  19  2:06  Zergling x2  
  19  2:07  Metabolic Boost, Unknown  
  23  2:08  Queen  
  23  2:10  Zergling x2  
  26  2:17  Drone  
  26  2:19  Drone  
  28  2:29  Evolution Chamber  
  29  2:37  Drone x3  
  29  2:41  Overlord  
  31  2:45  Queen  
  31  2:49  Queen  
  35  2:58  Drone  
  36  3:01  Drone x2  
  38  3:12  Drone x6  
  44  3:20  Overlord  
  44  3:40  Hatchery, Unknown  
  43  3:45  Drone x6, Extractor  
  48  3:51  Roach Warren  
  48  3:54  Drone  
  48  3:55  Drone x2  
  50  4:03  Overlord x2  
  50  4:04  Drone  
  50  4:05  Drone  
  52  4:14  Overlord  
  52  4:21  Queen x2  
  56  4:29  Drone  
  56  4:30  Drone x7  
  64  4:35  Overlord  
  64  4:36  Zergling x2  
  65  4:43  Zergling x2  
  65  4:44  Zergling x2  
  67  4:48  Evolution Chamber  
  67  4:49  Evolution Chamber  
  67  4:50  Overlord  
  67  4:51  Unknown  
  65  4:55  Overlord  
  65  4:57  Zergling x8  
  69  5:01  Queen  
  73  5:07  Roach x3  
  73  5:08  Roach  
  73  5:11  Roach  
  81  5:24  Roach  
  81  5:25  Spore Crawler, Roach  
  81  5:27  Zerg Ground Armor Level 1, Zerg Missile Weapons Level 1  
  85  5:28  Drone x3  
  85  5:29  Drone  
  88  5:39  Drone  
  88  5:40  Drone x7  
  95  5:47  Lair  
  95  5:58  Overlord  
  95  5:59  Overlord  
  94  6:20  Hatchery, Unknown  
  94  6:22  Extractor x2  
  91  6:26  Roach  
  91  6:27  Roach x4  
  91  6:30  Drone x2  
  91  6:31  Extractor  
  102  6:33  Drone  
  102  6:34  Drone, Extractor  
  102  6:35  Drone x2  
  102  6:36  Drone x3  
  101  6:43  Spore Crawler  
  101  6:45  Overseer  
  101  6:46  Drone  
  101  6:47  Drone x6  
  107  6:58  Overlord x2  
  107  7:05  Drone x2  
  107  7:06  Drone x3  
  107  7:07  Drone  
  113  7:12  Glial Reconstitution  
  113  7:15  Overlord  
  113  7:16  Overlord  
  113  7:25  Ravager  
  113  7:26  Ravager x5  
  113  7:27  Ravager x2  
  113  7:28  Zergling x14  
  128  7:31  Unknown  
  128  7:38  Roach  
  128  7:39  Roach x6  
  142  7:45  Roach x2  
  142  7:48  Queen  
  148  7:57  Zerg Melee Weapons Level 1  
  148  8:04  Roach x2  
  152  8:18  Overlord x2  
  152  8:22  Drone, Infestation Pit  
  152  8:26  Overlord  
  152  8:27  Zerg Ground Armor Level 2  
  146  8:41  Roach  
  146  8:42  Roach x10  
  146  8:48  Overlord x5  
  167  8:54  Roach x5  
  169  9:08  Drone, Hive  
  169  9:09  Drone x9  
  179  9:24  Extractor, Queen  
  179  9:26  Extractor  
  179  9:28  Roach x10  
  199  9:42  Pneumatized Carapace  
  199  9:59  Spine Crawler  
  198  10:00  Zerg Melee Weapons Level 2  
  168  10:16  Roach x2  
  168  10:17  Roach x19  
  172  10:30  Roach  
  172  10:31  Roach x7  
  174  10:43  Zerg Missile Weapons Level 2  
  174  10:55  Roach, Spire  
  174  10:56  Roach x10  
  195  11:11  Ultralisk Cavern  
  188  11:32  Ravager x3  
  190  11:33  Ravager x3  
  190  11:35  Roach x3  
  200  11:52  Overseer x2  
  200  11:55  Burrow  
  200  11:58  Adrenal Glands, Chitinous Plating  
  186  12:31  Ravager  
  186  12:32  Ravager x5  
  190  12:38  Roach Warren  
  190  12:39  Ultralisk  
  160  12:55  Overlord x3  
  160  12:56  Overlord x2  
  160  12:57  Overlord x2  
  141  13:15  Ultralisk  
  141  13:16  Ultralisk x7  
  175  13:36  Overseer x2  
  175  13:37  Overseer, Queen  
  175  13:42  Roach  
  175  13:53  Hatchery, Unknown  
  175  13:55  Extractor, Zergling x2  
  175  13:56  Zergling x42  
  175  13:59  Ravager x3  
  175  14:00  Ravager x2  
  199  14:04  Ravager  
  200  14:13  Hatchery, Unknown  
  199  14:24  Spore Crawler  
  198  14:26  Spine Crawler x2  
  198  14:27  Spine Crawler  
  195  14:38  Zerg Flyer Weapons Level 1  
  195  15:04  Unknown  
  182  15:11  Zerg Ground Armor Level 3  
  162  15:24  Unknown  
  142  15:36  Zergling x16  
  142  15:37  Zergling x20  
  142  15:59  Ultralisk x3  
  142  16:00  Ultralisk x5  
  166  16:20  Drone x6  
  149  16:43  Corruptor x6  
  161  16:55  Extractor  
  161  17:01  Ultralisk  
  164  17:14  Extractor  
  160  17:28  Corruptor x6  
  168  17:36  Spore Crawler  
  167  17:43  Hatchery, Unknown  
  166  17:58  Zerg Melee Weapons Level 3  
  166  18:03  Overlord  
  166  18:07  Ultralisk  
  166  18:08  Ultralisk  
  175  18:44  Corruptor  
  175  18:45  Corruptor x6  
  167  19:21  Zergling x2  
  167  19:22  Ultralisk  
  167  19:23  Ultralisk x2  
  186  19:38  Overlord  
  186  19:48  Zerg Flyer Armor Level 1  
  186  20:07  Ultralisk x2, Hatchery, Unknown  
  190  20:41  Hatchery, Unknown  
  189  20:48  Corruptor x4  
  195  21:18  Unknown  
  177  21:42  Ultralisk  
  177  21:43  Ultralisk  
  162  21:52  Unknown  
  160  22:04  Ultralisk  
  166  22:09  Extractor  
  166  22:10  Extractor  
  166  22:11  Zergling x2  
  166  22:12  Zergling x30  
Tags
 
Add a new tag
Caveats
  • Supply blocks, unpowered buildings, or Contaminate may cause inaccurate times.
  • Supply counts are checked every 10 seconds.